 Dungeon Crawl Stone Soup version 0.22-a0-307-g2b15929 (webtiles) character file.

14021 xccam the Cleaver (level 12, -8/95 HPs)
             Began as a Formicid Fighter on Apr 1, 2018.
             Was the Champion of Cheibriados.
             Mangled by a white ugly thing (31 damage)
             ... on level 12 of the Dungeon.
             The game lasted 00:23:36 (9596 turns).

xccam the Cleaver (Formicid Fighter)                Turns: 9596, Time: 00:23:37

Health: -8/95      AC: 20    Str: 46    XL:     12   Next: 40%
Magic:  18/18      EV: 16    Int: 22    God:    Cheibriados [******]
Gold:   698        SH: 19    Dex: 30    Spells: 11/11 levels left

rFire    + + .     SeeInvis +   a - +0 war axe
rCold    . . .     Gourm    .   c - +0 shield
rNeg     . . .     Faith    .   C - +0 plate armour
rPois    .         Spirit   .   (helmet unavailable)
rElec    .         Reflect  +   F - +0 cloak {+Inv}
rCorr    .         Harm     .   o - +0 pair of gloves
MR       +....                  i - +2 pair of boots
Stlth    ..........             t - +3 amulet of reflection
HPRegen  0.25/turn              r - ring of ice
MPRegen  0.16/turn              I - ring of Secrets {*Slow rF+++ rC- Str+5 Dex+4}

@: very slow
A: permanent stasis, dig shafts and tunnels, four strong arms, antennae 3
a: Dig, Shaft Self, Bend Time, Temporal Distortion, Slouch, Step From Time,
Renounce Religion, Evoke Invisibility


You were on level 12 of the Dungeon.
You worshipped Cheibriados.
Cheibriados was exalted by your worship.
You were near starving.

You visited 2 branches of the dungeon, and saw 13 of its levels.
You also visited: Sewer.

You collected 698 gold pieces.

Inventory:

Hand Weapons
 a - a +0 war axe (weapon)
Armour
 c - a +0 shield (worn)
 i - a +2 pair of boots (worn)
 o - a +0 pair of gloves (worn)
 C - a +0 plate armour (worn)
 F - a +0 cloak of invisibility (worn)
Jewellery
 j - a +3 ring of protection
 p - an uncursed ring of resist corrosion
 r - a ring of ice (left hand)
 t - a +3 amulet of reflection (around neck)
 y - a +5 ring of intelligence
 I - the ring of Secrets (right hand) {*Slow rF+++ rC- Str+5 Dex+4}
   (You found it on level 6 of the Dungeon)

   [ring of dexterity]

   It affects your strength (+5).
   It affects your dexterity (+4).
   It renders you almost immune to fire.
   It makes you vulnerable to cold.
   It may slow you when you take damage.
Wands
 q - a wand of paralysis (3)
 x - a wand of disintegration (12)
 A - a wand of polymorph (14)
 E - a wand of flame (40)
 H - a wand of iceblast (7)
 L - a wand of acid (14)
Scrolls
 d - 7 scrolls of remove curse
 g - 4 scrolls of amnesia
 h - 4 scrolls of magic mapping
 m - 3 scrolls of enchant armour {unknown}
 n - a scroll of fear {unknown}
 s - a scroll of immolation {unknown}
 v - a scroll of brand weapon {unknown}
 B - 3 scrolls of enchant weapon {unknown}
 M - a scroll of fog {unknown}
Potions
 w - a potion of invisibility
 D - a potion of brilliance
 J - a potion of might
 K - a potion of flight
Comestibles
 f - 24 rations


   Skills:
 + Level 9.0 Fighting
 - Level 10.0 Axes
 + Level 9.1 Armour
 + Level 6.8 Dodging
 - Level 9.0 Shields
 + Level 9.0 Invocations


You had 11 spell levels left.
You didn't know any spells.

Dungeon Overview and Level Annotations

Branches:
Dungeon (12/15)            Temple (1/1) D:4            Lair (0/6) D:8
    Orc (0/2) D:9

Altars:
Ashenzari
Cheibriados
Dithmenos
Elyvilon
Fedhas
Gozag
Hepliaklqana
Makhleb
Nemelex Xobeh
Okawaru
Ru
Sif Muna
Trog
Uskayaw
Vehumet
Wu Jian
Xom
Yredelemnul
Zin
The Shining One
Beogh

Shops:
D:5 [   D:6 *   D:10 !

Portals:
Trove: D:11 (give +8 demon trident)


Innate Abilities, Weirdness & Mutations

You cannot be hasted, slowed, berserked, paralysed or teleported.
You can dig through walls and to a lower floor.
Your four strong arms can wield two-handed weapons with a shield.
You have a pair of large antennae on your head. (SInv)


Message History

The yak is heavily wounded.
You closely miss the white ugly thing. You slice the yak!!
The yak completely misses you.
You block the white ugly thing's attack.
The yak gores you but does no damage.
Unknown command.
You slash the yak!
The yak is almost dead.
You slash the white ugly thing! You slash the yak!
The yak completely misses you.
You block the white ugly thing's attack.
You block the yak's attack.
Unknown command.
You barely miss the yak.
The yak is almost dead.
You barely miss the yak. You slash the white ugly thing!
The white ugly thing tentacle-slaps you.
* * * LOW HITPOINT WARNING * * *
The white ugly thing freezes you!!
You die...

#.# #.. #.#
#.. #.# #...
#.# #...# #.#
#...#######.#
#...........#
#...Yu†.....#
#..KY@......#
#...#######.#
#...# #.#
#.<.# #.#
.Y.......#
#.#
.....(...#
#.#
.........#
#.#
!........#
#.#
.....Y...#
#.#


You could see a white ugly thing, 2 yaks and a kobold.

Vanquished Creatures
  Josephine (D:12)
  2 two-headed ogres (D:11)
  An unseen horror (D:11)
  A shining eye (D:8)
  An ugly thing (D:11)
  Maurice (D:8)
  The ghost of xccam the Cleaver, a novice FoFi (D:5)
  3 gargoyles
  2 centaur skeletons
  Grinder (D:4)
  A hippogriff (D:11)
  A shadow (D:11)
  Sigmund (D:4)
  7 yaks
  5 wraiths (D:12)
  A hungry ghost (D:7)
  Grum (D:8)
  A water moccasin (D:11)
  Purgy (Sewer)
  A sky beast (D:11)
  2 ice beasts
  3 orc warriors
  A black bear (D:9)
  An eye of draining (D:11)
  A phantom (D:7)
  10 ogres
  2 centaurs (D:7)
  4 wolves (D:8)
  4 big kobolds
  11 bullfrogs
  A gnoll sergeant (D:6)
  3 scorpions
  13 killer bees
  11 wights (D:11)
  2 howler monkeys
  5 crimson imps
  A bullfrog zombie (D:7)
  2 quasits
  5 hounds
  2 jellies (D:11)
  4 orc priests (D:7)
  A bullfrog skeleton (D:5)
  2 iguanas
  5 orc wizards
  A worker ant (D:10)
  2 hound skeletons
  A worker ant zombie (D:6)
  7 gnolls
  6 adders
  2 river rats (D:4)
  5 shadow imps
  3 adder zombies
  2 adder skeletons
  2 worms
  A dart slug (D:2)
  A leopard gecko (D:5)
  21 orcs
  3 giant cockroaches
  2 gnoll zombies (D:6)
  7 goblins
  A hobgoblin (D:1)
  7 jackals
  8 quokkas
  A ball python (D:1)
  5 bats
  3 frilled lizards
  18 kobolds
  5 rats
244 creatures vanquished.

Vanquished Creatures (others)
  4 centaurs
4 creatures vanquished.

Grand Total: 248 creatures vanquished

Notes
Turn   | Place    | Note
-------+----------+-------------------------------------------
     0 | D:1      | xccam the Formicid Fighter began the quest for the Orb.
     0 | D:1      | Reached XP level 1. HP: 18/18 MP: 1/1
   460 | D:2      | Reached XP level 2. HP: 20/24 MP: 2/2
   528 | D:2      | Reached skill level 3 in Axes
   589 | D:2      | Reached XP level 3. HP: 14/29 MP: 3/3
  1040 | D:2      | Reached skill level 4 in Axes
  1040 | D:2      | Reached XP level 4. HP: 11/35 MP: 4/4
  1292 | D:2      | Found a deep blue altar of Sif Muna.
  1292 | D:2      | Found a sparkling altar of Nemelex Xobeh.
  1292 | D:2      | Found a hazy altar of Hepliaklqana.
  1292 | D:2      | Found a shattered altar of Ashenzari.
  1298 | D:2      | Found a sacrificial altar of Ru.
  1298 | D:2      | Found an iron altar of Okawaru.
  1764 | D:3      | Noticed an ogre
  1771 | D:3      | Killed an ogre
  1771 | D:3      | Reached skill level 5 in Axes
  1771 | D:3      | Reached XP level 5. HP: 21/41 MP: 5/5
  2116 | D:4      | Found a glowing drain.
  2154 | Sewer    | Entered a sewer
  2283 | Sewer    | Noticed Purgy
  2294 | Sewer    | Killed Purgy
  2294 | Sewer    | Reached skill level 6 in Axes
  2294 | Sewer    | Reached XP level 6. HP: 36/47 MP: 6/6
  2432 | D:4      | Noticed Grinder
  2446 | D:4      | Killed Grinder
  2446 | D:4      | Reached skill level 7 in Axes
  2446 | D:4      | Reached XP level 7. HP: 18/52 MP: 7/7
  2674 | D:4      | Noticed Sigmund
  2697 | D:4      | Killed Sigmund
  2697 | D:4      | Reached skill level 8 in Axes
  2715 | D:4      | Found a staircase to the Ecumenical Temple.
  2720 | Temple   | Entered the Ecumenical Temple
  2847 | Temple   | Became a worshipper of Cheibriados the Contemplative
  3121 | D:4      | Found an opulent altar of Gozag.
  3527 | D:5      | Entered Level 5 of the Dungeon
  3549 | D:5      | Noticed xccam's ghost (novice FoFi)
  3564 | D:5      | Killed xccam's ghost
  3564 | D:5      | Reached skill level 9 in Axes
  3564 | D:5      | Reached XP level 8. HP: 58/58 MP: 8/8
  3818 | D:5      | Found Avemiuw's Armour Emporium.
  4298 | D:6      | Reached skill level 10 in Axes
  4305 | D:6      | Found Wuill's Assorted Antiques.
  4333 | D:6      | Reached * piety under Cheibriados
  4522 | D:6      | Reached skill level 5 in Shields
  4748 | D:6      | Reached XP level 9. HP: 42/64 MP: 9/9
  4804 | D:6      | Got a fine bronze ring
  4806 | D:6      | Identified the ring of Secrets {*Slow rF+++ rC- Str+5 Dex+4} (You found it on level 6 of the Dungeon)
  4862 | D:6      | Found a basalt altar of Yredelemnul.
  4972 | D:6      | Found a burning altar of Makhleb.
  5048 | D:7      | Found a radiant altar of Vehumet.
  5223 | D:7      | Reached ** piety under Cheibriados
  5388 | D:7      | Found a transporter.
  5423 | D:7      | Found a roughly hewn altar of Beogh.
  5453 | D:7      | Reached skill level 1 in Invocations
  5455 | D:7      | Reached skill level 1 in Dodging
  5686 | D:7      | Found a transporter.
  5747 | D:7      | Noticed a gargoyle
  5758 | D:7      | Killed a gargoyle
  5758 | D:7      | Reached XP level 10. HP: 29/73 MP: 10/12
  6319 | D:8      | Noticed Maurice
  6339 | D:8      | Killed Maurice
  6339 | D:8      | Reached skill level 5 in Fighting
  6339 | D:8      | Reached skill level 5 in Armour
  6596 | D:8      | Found a glowing golden altar of the Shining One.
  6608 | D:8      | Reached *** piety under Cheibriados
  6646 | D:8      | Noticed a two-headed ogre
  6648 | D:8      | Noticed a shining eye
  6648 | D:8      | a two-headed ogre changed into a shining eye
  6654 | D:8      | Killed a shining eye
  6930 | D:8      | Noticed Grum
  6950 | D:8      | Killed Grum
  6950 | D:8      | Reached skill level 5 in Invocations
  7086 | D:8      | Found a staircase to the Lair.
  7388 | D:9      | Reached **** piety under Cheibriados
  7390 | D:9      | Reached XP level 11. HP: 82/82 MP: 15/15
  7482 | D:9      | Found a staircase to the Orcish Mines.
  7729 | D:10     | Entered Level 10 of the Dungeon
  8069 | D:10     | Reached skill level 5 in Dodging
  8134 | D:10     | Found Uxyxief's Distillery.
  8319 | D:10     | Found a hazy altar of Hepliaklqana.
  8465 | D:11     | Reached ***** piety under Cheibriados
  8553 | D:11     | Noticed an unseen horror
  8590 | D:11     | Killed an unseen horror
  8610 | D:11     | Noticed a two-headed ogre
  8615 | D:11     | Killed a two-headed ogre
  8678 | D:11     | Found a portal to a secret trove of treasure.
  8758 | D:11     | Noticed a purple ugly thing
  8766 | D:11     | Killed a purple ugly thing
  8915 | D:11     | Noticed a two-headed ogre
  8927 | D:11     | Killed a two-headed ogre
  8927 | D:11     | Reached XP level 12. HP: 75/93 MP: 18/18
  9451 | D:12     | Noticed Josephine
  9585 | D:12     | Killed Josephine
  9585 | D:12     | Reached ****** piety under Cheibriados
  9596 | D:12     | Mangled by a white ugly thing

Vault maps used:
D:1:      minmay_arrival_four_loops, interstate_on_off
D:2:      minmay_overflow_temple_hex, palyth_stone_intersect
D:4:      nicolae_gozag_seed_capital, temple_doors_e, portal_sewer_entry_a,
          uniq_grinder, uniq_sigmund
D:5:      first_ration, serial_shops, shop
D:6:      lightli_temple_of_fire, lemuel_zombie_altar_yredelemnul, serial_shops,
          shop_statue
D:7:      gammafunk_beogh_shrine, vehumet_altar_wand_db, patterned_corridor
D:8:      overflow_temple_1_default, lair_entry_dummy, grunt_ogre_cave,
          kennysheep_generic_room_10, uniq_maurice, uniq_grum
D:9:      orc_0_dummy
D:10:     serial_shops, shop, basic_altar
D:11:     enter_trove_0
D:12:     kennysheep_cluttered_room, hangedman_tree_tricks, uniq_urug,
          uniq_nergalle, uniq_josephine
Temple:   minmay_temple_curvy_loop
Sewer:    kennysheep_door_sewer

Skill      XL: |  1  2  3  4  5  6  7  8  9 10 11 12 |
---------------+-------------------------------------+-----
Axes           | 3 4 5 6 7 9 10 | 10.0
Shields        | 5 9 |  9.0
Invocations    | 3 5 8 9 |  9.0
Dodging        | 2 4 6 |  6.8
Fighting       | 4 6 8 9 |  9.0
Armour         | 4 6 8 9 |  9.1

Action                   |  1- 3 |  4- 6 |  7- 9 | 10-12 || total
-------------------------+-------+-------+-------+-------++-------
Melee: War axe           |    86 |    70 |   342 |   428 ||   926
Evoke: Wand              |       |       |     1 |     5 ||     6
  Use: Potion            |     2 |     1 |     3 |     2 ||     8
       Scroll            |       |       |    13 |     6 ||    19
 Stab: Paralysed         |       |       |       |     4 ||     4
  Eat: Chunk             |     1 |     3 |     4 |     6 ||    14
       Ration            |       |       |     2 |       ||     2
Armor: Scale mail        |    29 |    21 |    76 |       ||   126
       Skin              |     1 |       |    12 |       ||    13
       Plate armour      |       |       |     6 |    93 ||    99
Dodge: Dodged            |    28 |    24 |    75 |   138 ||   265
Block: Shield            |    57 |    43 |   230 |   388 ||   718
       Reflection        |       |     1 |    12 |    26 ||    39

Table legend:
 A = Spawn XP
 B = Non-spawn XP
 C = Spawn XP percentage of total XP
 D = Spawn monster count
 E = Non-spawn monster count
 F = Spawn count percentage of total count
 G = Total turns spent on level
                    A         B        C        D         E        F      G
               +---------+---------+-------+---------+---------+-------+---------
         Total |       0 |   20030 |   0.0 |       0 |     248 |   0.0 |  9596
               +---------+---------+-------+---------+---------+-------+---------
           D:1 |       0 |       8 |   0.0 |       0 |       6 |   0.0 |   437
           D:2 |       0 |      97 |   0.0 |       0 |      20 |   0.0 |   963
           D:3 |       0 |     129 |   0.0 |       0 |       5 |   0.0 |   701
           D:4 |       0 |     544 |   0.0 |       0 |       9 |   0.0 |  1042
           D:5 |       0 |     728 |   0.0 |       0 |      16 |   0.0 |   759
           D:6 |       0 |     599 |   0.0 |       0 |      18 |   0.0 |   726
           D:7 |       0 |    2053 |   0.0 |       0 |      34 |   0.0 |  1219
           D:8 |       0 |    2438 |   0.0 |       0 |      31 |   0.0 |  1016
           D:9 |       0 |    1635 |   0.0 |       0 |      24 |   0.0 |   482
          D:10 |       0 |    2030 |   0.0 |       0 |      16 |   0.0 |   679
          D:11 |       0 |    6455 |   0.0 |       0 |      49 |   0.0 |  1083
          D:12 |       0 |    3172 |   0.0 |       0 |      14 |   0.0 |   105
         Sewer |       0 |     142 |   0.0 |       0 |       6 |   0.0 |   239
               +---------+---------+-------+---------+---------+-------+---------
